 Dungeon Crawl Stone Soup version 0.16-a0-3178-g2c88c44 (webtiles) character file.

136 Johnny the Bolt Thrower (level 5, -5/41 HPs)
             Began as a Human Hunter on Dec 16, 2014.
             Slain by Sigmund
             ... wielding a cursed -1 scythe
              (13 damage)
             ... on level 3 of the Dungeon.
             The game lasted 00:02:39 (2702 turns).

Johnny the Bolt Thrower (Human Hunter)              Turns: 2702, Time: 00:02:39

Health: -5/41      AC:  3    Str: 13    XL:     5   Next: 43%
Magic:  5/5        EV: 13    Int: 11    God:
Gold:   105        SH:  0    Dex: 14    Spells: 0 memorised, 4 levels left

rFire  . . .     SeeInvis .     n - +1 dagger (venom)
rCold  . . .     Clarity  .     d - +0 leather armour
rNeg   . . .     SustAb   .     (no shield)
rPois  .         Gourm    .     (no helmet)
rElec  .         Spirit   .     (no cloak)
rCorr  .         Warding  .     (no gloves)
rMut   .         Stasis   .     (no boots)
MR     .....                    (no amulet)
Stlth  +.........               (no ring)
                                (no ring)

@: not resistant to hostile enchantments, very unstealthy
A: no striking features
a: no special abilities


You were on level 3 of the Dungeon.
You were not hungry.

You visited 1 branch of the dungeon, and saw 3 of its levels.

You collected 105 gold pieces.

Inventory:

Hand weapons
 b - a +1 hand crossbow
 n - a +1 dagger of venom (weapon)
Missiles
 c - 12 bolts
Armour
 d - a +0 leather armour (worn)
Scrolls
 e - 2 scrolls of teleportation
 h - a scroll of recharging
 k - a scroll of enchant armour
 p - a scroll of random uselessness {unknown}
 u - a scroll of noise {unknown}
Potions
 i - a potion of might {unknown}
 l - a potion of cure mutation {unknown}
 r - a potion of lignification {unknown}
Comestibles
 f - 4 bread rations
 q - a beef jerky
 t - 3 fruits


   Skills:
 + Level 3.2 Fighting
 * Level 5.1 Crossbows
 + Level 3.2 Dodging
 - Level 1.0 Stealth


You had 4 spell levels left.
You didn't know any spells.

Dungeon Overview and Level Annotations

Branches:
Dungeon (3/15)

Altars:

Annotations:
D:3 Sigmund


Message History

Sigmund hits you with an enchanted scythe.
* * * LOW HITPOINT WARNING * * *
The bat closely misses you. The rat closely misses you.
You are too injured to fight recklessly!
You are too injured to fight recklessly!
You are too injured to fight recklessly!
You are too injured to fight recklessly!
You are too injured to fight recklessly!
You are too injured to fight recklessly!
You are too injured to fight recklessly!
You are too injured to fight recklessly!
You are too injured to fight recklessly!
Unknown command.
Unknown command.
Unknown command.
Drink which item? (? for menu, Esc to quit)
It was a potion of magic.
Magic courses through your body. The bat hits you but does no damage.
Sigmund hits you with an enchanted scythe!
You die...

.########.........# #
........'.........# #
#########.........# #
.......#.........# #
........#.........# #
........#....###..# #
........#..###.#..#
.........'b†#P..##.#
........@#..#.P.P#.####
.......@r#..#.PP.#....#
........##.#....####.###
[.......##...P..#.......
.(......##.÷.P######.###
.......##.####......#..
......##÷#.#########.#
.....##.#.# #.[....
####'#'#####.###..


You could see Sigmund, a bat and a rat.

Vanquished Creatures
  4 gnolls (D:3)
  2 giant mites
  2 adders
  2 worms (D:2)
  5 giant geckos
  A ball python (D:3)
  9 bats
  7 hobgoblins
  5 kobolds
  2 giant cockroaches
  14 giant newts
  5 goblins
  A quokka (D:2)
  5 rats
  2 plants (D:3)
66 creatures vanquished.

Notes
Turn   | Place    | Note
--------------------------------------------------------------
     0 | D:1      | Johnny, the Human Hunter, began the quest for the Orb.
     0 | D:1      | Reached XP level 1. HP: 16/16 MP: 1/1
   452 | D:1      | Reached XP level 2. HP: 20/22 MP: 2/2
   956 | D:1      | Reached XP level 3. HP: 25/28 MP: 3/3
  1516 | D:2      | Reached XP level 4. HP: 30/34 MP: 4/4
  2152 | D:3      | Reached XP level 5. HP: 11/41 MP: 5/5
  2202 | D:3      | HP: 2/41 [gnoll/enchanted spear (3)]
  2318 | D:3      | Reached skill level 5 in Crossbows
  2691 | D:3      | Noticed Sigmund
  2702 | D:3      | Slain by Sigmund

Action                   |  1- 3 |  4- 6 || total
-------------------------+-------+-------++-------
Melee: Dagger            |    61 |   228 ||   289
 Fire: Hand crossbow     |    44 |    24 ||    68
  Use: Scroll            |       |     5 ||     5
       Potion            |       |     1 ||     1
  Eat: Chunk             |     1 |     2 ||     3
       Meat ration       |       |     1 ||     1
